[Event "Titled Tuesday Blitz July 25 Late 2023"]
[White "Campos, Maria Jose"]
[Black "Rottenwohrer Suarez, Juan"]
[WhiteFideId "146803"]
[BlackFideId "32068182"]
[WhiteElo "2360"]
[BlackElo "2517"]
[Result "0-1"]
[Round "6"]
[TimeControl "180+2"]
[Date "2023.07.25"]
[WhiteClock "0:00:50"]
[BlackClock "0:00:02"]
[Board "105"]

1. c4 e6 2. g3 d5 3. Nf3 Nf6 4. Bg2 Be7 5. O-O O-O 6. d4 c6 7. b3 b6 8. Bb2 Bb7 9. Qc2 Nbd7 10. Rd1 Rc8 11. Nc3 c5 12. dxc5 bxc5 13. cxd5 exd5 14. Nh4 Nb6 15. Nf5 Re8 16. a4 a5 17. Nb5 Bf8 18. Qc3 d4 19. Qxa5 Bxg2 20. Kxg2 Ra8 21. Qxa8 Qxa8+ 22. Kg1 Qc6 23. e3 dxe3 24. Nxe3 Ne4 25. h4 h6 26. Rd3 Qg6 27. Rad1 Nxg3 28. fxg3 Qxg3+ 29. Ng2 Qg4 30. a5 Re2 31. Rg3 Qxg3 32. Be5 Qxg2# 0-1


[Site "https://www.chess.com"]

[Event "Titled Tuesday Blitz July 25 Late 2023"]
[White "Topalov, Aleksandar"]
[Black "Garakov, Mikhael"]
[WhiteFideId "925659"]
[BlackFideId "4169034"]
[WhiteElo "2358"]
[BlackElo "2515"]
[Result "1/2-1/2"]
[Round "6"]
[TimeControl "180+2"]
[Date "2023.07.25"]
[WhiteClock "0:00:21"]
[BlackClock "0:00:22"]
[Board "106"]

1. b3 Nf6 2. Bb2 g6 3. Bxf6 exf6 4. c4 Bg7 5. Nc3 O-O 6. e3 f5 7. Nge2 d6 8. g3 Re8 9. Bg2 Nd7 10. O-O Nf6 11. Rb1 c6 12. b4 Be6 13. d3 Ng4 14. b5 Bd7 15. bxc6 bxc6 16. Qa4 Re5 17. Rb7 Be8 18. Rxa7 Rxa7 19. Qxa7 Ra5 20. Qb7 Ne5 21. d4 Nxc4 22. Bxc6 h5 23. Bxe8 Qxe8 24. Rb1 Kh7 25. Qc7 d5 26. Rb7 Nxe3 27. fxe3 Qxe3+ 28. Kg2 Rxa2 29. Qxf7 Rxe2+ 30. Kh3 Rxh2+ 31. Kxh2 Qf2+ 32. Kh3 Qf1+ 33. Kh2 Qf2+ 34. Kh1 Qf1+ 35. Kh2 Qf2+ 1/2-1/2


[Site "https://www.chess.com"]

[Event "Titled Tuesday Blitz July 25 Late 2023"]
[White "Yolosz"]
[Black "Bilan, Danila"]
[BlackFideId "24161918"]
[WhiteElo "2349"]
[BlackElo "2514"]
[Result "0-1"]
[Round "6"]
[TimeControl "180+2"]
[Date "2023.07.25"]
[WhiteClock "0:00:00"]
[BlackClock "0:00:07"]
[Board "107"]

1. d4 d5 2. Bf4 Nf6 3. e3 c5 4. c3 Nc6 5. Bd3 Qb6 6. Qb3 c4 7. Qxb6 axb6 8. Bc2 b5 9. Na3 b4 10. Nb5 Ra5 11. a4 Bd7 12. Bc7 Ra6 13. Bg3 Kd8 14. Nf3 e6 15. O-O h6 16. Rfe1 Be7 17. e4 b3 18. exd5 exd5 19. Bb1 Be6 20. Ne5 Nxe5 21. dxe5 Nd7 22. Rd1 Kc8 23. f4 g6 24. Nd4 Rg8 25. f5 gxf5 26. Bxf5 Nc5 27. Bxe6+ fxe6 28. a5 Bg5 29. Nb5 Nd3 30. Rab1 Rxa5 31. Nd6+ Kc7 32. Bf2 Rf8 33. Bd4 Ra2 34. Nb5+ Kc6 35. Nd6 Rxb2 36. Rxb2 Nxb2 37. Rb1 Nd3 38. h3 Ra8 39. Nf7 b2 40. Kh2 Ra1 41. Rxb2 Nxb2 42. h4 Bd2 43. Nd8+ Kc7 44. Nxe6+ Kd7 45. Nc5+ Kc6 46. e6 Re1 47. Nd7 Rxe6 48. Nb8+ Kc7 49. Ba7 Be3 50. Bxe3 Rxe3 0-1


[Site "https://www.chess.com"]

[Event "Titled Tuesday Blitz July 25 Late 2023"]
[White "kripri"]
[Black "JERO-8914"]
[WhiteElo "2346"]
[BlackElo "2495"]
[Result "1-0"]
[Round "6"]
[TimeControl "180+2"]
[Date "2023.07.25"]
[WhiteClock "0:00:11"]
[BlackClock "0:00:05"]
[Board "108"]

1. e4 c5 2. Nf3 Nc6 3. Bb5 g6 4. O-O Bg7 5. Re1 e5 6. d3 Nge7 7. Bg5 Qc7 8. Nc3 O-O 9. Qd2 d6 10. h3 a6 11. Bc4 b5 12. Bd5 Rb8 13. Bxc6 Nxc6 14. Nd5 Qa7 15. Bh6 Ne7 16. Bxg7 Kxg7 17. Ne3 Be6 18. Ng5 Bd7 19. Nd5 Nxd5 20. exd5 Qc7 21. c4 h6 22. Ne4 f5 23. Nc3 b4 24. Ne2 Qd8 25. b3 Qh4 26. Qe3 Rbe8 27. Kh1 h5 28. Ng1 f4 29. Qe2 f3 30. Nxf3 Qf6 31. Kh2 Qf4+ 32. Kg1 Bxh3 33. gxh3 Qxf3 34. Qxf3 Rxf3 35. Re3 Ref8 36. Kg2 R3f4 37. Rae1 Rd4 38. Rd1 Rdf4 39. Rd2 g5 40. Re4 Rf3 41. Re3 g4 42. hxg4 hxg4 43. Re4 R8f4 44. Re3 Kg6 45. Rde2 Rxe3 46. fxe3 Rf8 47. Kg3 Kg5 48. Rf2 Rh8 49. Rf7 Rh3+ 50. Kg2 Rxe3 51. Rd7 Rxd3 52. Rxd6 Rd2+ 53. Kf1 Rd3 54. Rxa6 g3 55. Ra8 Kf4 56. Rf8+ Ke3 57. Rg8 Kf3 58. Rf8+ Kg4 59. Rg8+ Kf4 60. Rf8+ Ke3 61. Kg2 Kd2 62. Rf3 Rxf3 63. Kxf3 Kd3 64. d6 e4+ 65. Kxg3 e3 66. d7 e2 67. d8=Q+ Kc2 68. Qe7 1-0


[Site "https://www.chess.com"]

[Event "Titled Tuesday Blitz July 25 Late 2023"]
[White "Korpics, Zsolt"]
[Black "ZugZwang1201"]
[WhiteFideId "705241"]
[WhiteElo "2339"]
[BlackElo "2478"]
[Result "1-0"]
[Round "6"]
[TimeControl "180+2"]
[Date "2023.07.25"]
[WhiteClock "0:00:07"]
[BlackClock "0:00:00"]
[Board "109"]

1. e4 c5 2. Nf3 e6 3. d4 cxd4 4. Nxd4 a6 5. Bd3 Qc7 6. c4 Nf6 7. O-O h5 8. h3 Be7 9. Nc3 d6 10. Be3 Nbd7 11. Rc1 h4 12. b3 Nh5 13. Nde2 g5 14. f4 gxf4 15. Nxf4 Ng3 16. Rf3 Ne5 17. Rf2 Bd7 18. Nfe2 Rg8 19. Nxg3 Rxg3 20. Qe2 Qa5 21. Bb1 O-O-O 22. Qd2 Rdg8 23. Kh1 Qd8 24. Ne2 R3g7 25. c5 Bc6 26. cxd6 Qxd6 27. Qxd6 Bxd6 28. Nd4 Kd7 29. Bf4 Ke7 30. Bxe5 Bxe5 31. Nxc6+ bxc6 32. Rxc6 Rd8 33. Rc1 Rd4 34. Rcf1 Bg3 35. Rf3 a5 36. a3 Be5 37. Rd3 f6 38. Rxd4 Bxd4 39. b4 axb4 40. axb4 Rg3 41. Rf3 Rg5 42. Rd3 e5 43. Ba2 Kd6 44. Bd5 Rg7 45. Ra3 Rc7 46. Ra6+ Ke7 47. Rc6 Ra7 48. Rc1 Ra3 49. Rb1 Bb6 50. b5 Kd7 51. Bc6+ Kd6 52. Rd1+ Bd4 53. Bd5 Kc5 54. Bc6 Kb6 55. Rb1 Ra2 56. Bd5 Bb2 57. Bxa2 1-0


[Site "https://www.chess.com"]

[Event "Titled Tuesday Blitz July 25 Late 2023"]
[White "Hamedi Nia, Vesal"]
[Black "Fajdetic, Hrvoje"]
[WhiteFideId "12542253"]
[BlackFideId "14501945"]
[WhiteElo "2465"]
[BlackElo "2331"]
[Result "1-0"]
[Round "6"]
[TimeControl "180+2"]
[Date "2023.07.25"]
[WhiteClock "0:01:48"]
[BlackClock "0:00:47"]
[Board "110"]

1. d4 d5 2. c4 e6 3. cxd5 exd5 4. Nc3 c6 5. Nf3 Bd6 6. Bg5 Qc7 7. e3 Bg4 8. h3 Bh5 9. Bd3 Nd7 10. Qc2 Ngf6 11. Rc1 a6 12. Bf5 Qa5 13. g4 Bg6 14. Nh4 O-O 15. O-O Rae8 16. a3 Bb8 17. Kg2 Qc7 18. Rh1 Ne4 19. Nxd5 cxd5 20. Qxc7 Bxc7 21. Rxc7 Nxg5 22. Rxd7 Rc8 23. Rxd5 Bxf5 24. Nxf5 Rc2 25. Ne7+ Kh8 26. Rxg5 Re8 27. Re5 Rd8 28. b4 f6 29. Rc5 Ra2 30. Rc7 b5 31. Nf5 g6 32. Nh6 Re8 33. Nf7+ Kg8 34. Kf3 Rxa3 35. h4 f5 36. gxf5 Rf8 37. Nh6+ Kh8 38. Rg1 gxf5 39. Rgg7 1-0


[Site "https://www.chess.com"]

[Event "Titled Tuesday Blitz July 25 Late 2023"]
[White "Grossboss19"]
[Black "Miguelitro69"]
[WhiteElo "2462"]
[BlackElo "2327"]
[Result "1-0"]
[Round "6"]
[TimeControl "180+2"]
[Date "2023.07.25"]
[WhiteClock "0:00:18"]
[BlackClock "0:00:00"]
[Board "111"]

1. c4 e5 2. Nc3 Nf6 3. a3 g6 4. g3 Bg7 5. Bg2 O-O 6. b4 c6 7. Qb3 Re8 8. Bb2 d6 9. d3 Be6 10. e4 Nbd7 11. Nge2 h5 12. O-O Nf8 13. Rad1 Qd7 14. Rfe1 Bh3 15. Bh1 N8h7 16. Bc1 h4 17. f3 hxg3 18. hxg3 Be6 19. d4 exd4 20. Nxd4 b5 21. Nxe6 Qxe6 22. Bf4 bxc4 23. Qa4 d5 24. Kf1 Nh5 25. exd5 Qh3+ 26. Bg2 Nxg3+ 27. Kf2 Qh5 28. Rxe8+ Rxe8 29. Qxc6 Rf8 30. Bxg3 Bxc3 31. Qxc4 Bf6 32. d6 Qf5 33. Qd3 Qd7 34. Kg1 Ng5 35. f4 Nh3+ 36. Kh2 Kg7 37. Bxh3 Rh8 38. Bf2 g5 39. Qg3 g4 40. Rg1 Kf8 41. Qxg4 Qxd6 42. Qc8+ Bd8 43. Bc5 Ke8 44. Bxd6 1-0


[Site "https://www.chess.com"]

[Event "Titled Tuesday Blitz July 25 Late 2023"]
[White "Bobkov, Vadim"]
[Black "Vifleemskaia, Svetlana"]
[WhiteFideId "34110876"]
[BlackFideId "4129490"]
[WhiteElo "2459"]
[BlackElo "2323"]
[Result "0-1"]
[Round "6"]
[TimeControl "180+2"]
[Date "2023.07.25"]
[WhiteClock "0:00:00"]
[BlackClock "0:00:04"]
[Board "112"]

1. d4 Nf6 2. c4 e6 3. Nc3 Bb4 4. f3 d5 5. a3 Bxc3+ 6. bxc3 O-O 7. e3 c5 8. cxd5 exd5 9. Bd3 b6 10. Ne2 Ba6 11. O-O Bxd3 12. Qxd3 Re8 13. Ng3 h5 14. Ra2 Nc6 15. Re2 Qd7 16. Bb2 Rad8 17. h3 Re6 18. Qf5 g6 19. Qg5 Kh7 20. e4 cxd4 21. e5 Ng8 22. cxd4 Nce7 23. f4 Nh6 24. f5 Nexf5 25. Bc1 Rc8 26. Nxf5 gxf5 27. Rxf5 Rg6 28. Qxh5 Qxf5 29. Qxf5 Nxf5 0-1


[Site "https://www.chess.com"]

[Event "Titled Tuesday Blitz July 25 Late 2023"]
[White "Tsyhanchuk, Stanislav"]
[Black "Perske, Thore"]
[WhiteFideId "13505130"]
[BlackFideId "12902195"]
[WhiteElo "2322"]
[BlackElo "2458"]
[Result "0-1"]
[Round "6"]
[TimeControl "180+2"]
[Date "2023.07.25"]
[WhiteClock "0:00:00"]
[BlackClock "0:00:13"]
[Board "113"]

1. c4 c6 2. Nc3 d5 3. e3 Nf6 4. Nf3 e6 5. b3 Bd6 6. Bb2 O-O 7. d4 Nbd7 8. Bd3 Qe7 9. O-O dxc4 10. bxc4 c5 11. d5 b6 12. e4 Ne5 13. Nxe5 Bxe5 14. Qe2 Bd4 15. e5 Nd7 16. d6 Qg5 17. Qe4 f5 18. Qxa8 Nxe5 19. Be2 f4 20. Qe4 f3 21. Bxf3 Nxf3+ 22. Kh1 Nd2 23. Qc6 Nxf1 24. Rxf1 Qd2 25. d7 Bxd7 26. Qxd7 Qxb2 27. Qxe6+ Kh8 28. Ne4 Qe2 29. Rg1 Bxf2 30. Qd6 Re8 31. Nxf2 Qxf2 32. h3 h6 33. Kh2 Qe3 34. Qd7 Qe5+ 35. Kh1 Qe7 36. Qd5 Qe6 37. Qd3 Qe4 38. Qd7 Re7 39. Qc8+ Kh7 0-1


[Site "https://www.chess.com"]

[Event "Titled Tuesday Blitz July 25 Late 2023"]
[White "Dinu, Dumitru-Daniel"]
[Black "Sala, Giulia"]
[WhiteFideId "1208403"]
[BlackFideId "2840451"]
[WhiteElo "2457"]
[BlackElo "2318"]
[Result "1-0"]
[Round "6"]
[TimeControl "180+2"]
[Date "2023.07.25"]
[WhiteClock "0:01:10"]
[BlackClock "0:00:53"]
[Board "114"]

1. d4 d5 2. c4 e6 3. Nc3 Nf6 4. cxd5 exd5 5. Bg5 c6 6. e3 h6 7. Bh4 Bd6 8. Bd3 Nbd7 9. Qc2 O-O 10. Nge2 Re8 11. h3 Be7 12. O-O Ne4 13. Bxe7 Qxe7 14. Bxe4 dxe4 15. Ng3 Nf6 16. Rad1 h5 17. d5 cxd5 18. Nxd5 Nxd5 19. Rxd5 g6 20. Qxe4 Qxe4 21. Nxe4 Rxe4 22. Rd8+ Kg7 23. Rc1 b5 24. Rcxc8 Rxc8 25. Rxc8 Ra4 26. a3 b4 27. Rc4 a5 28. axb4 Ra1+ 29. Kh2 Ra2 30. bxa5 Rxb2 31. Ra4 Rb7 32. a6 Ra7 33. Kg3 Kh6 34. Kf4 f6 35. Ke4 Kg5 36. Kd5 Kf5 37. Kc6 g5 38. Kb6 Ra8 39. Kb7 Rh8 40. a7 Rh7+ 41. Kb6 Rh8 42. a8=Q Rxa8 43. Rxa8 g4 44. hxg4+ hxg4 45. Rg8 1-0


[Site "https://www.chess.com"]

[Event "Titled Tuesday Blitz July 25 Late 2023"]
[White "Ramadoss, Ashokkumar"]
[Black "MateoReyes"]
[WhiteFideId "5040990"]
[WhiteElo "2308"]
[BlackElo "2456"]
[Result "0-1"]
[Round "6"]
[TimeControl "180+2"]
[Date "2023.07.25"]
[WhiteClock "0:00:08"]
[BlackClock "0:01:05"]
[Board "115"]

1. Nf3 Nf6 2. c4 g6 3. Nc3 Bg7 4. e4 d6 5. d4 O-O 6. Be2 Na6 7. O-O e5 8. Be3 Ng4 9. Bg5 f6 10. Bc1 Nh6 11. h3 Nf7 12. Be3 c6 13. a3 Qe7 14. b4 Nc7 15. d5 cxd5 16. cxd5 f5 17. Ne1 f4 18. Bc1 h5 19. a4 Nh6 20. Ba3 Ne8 21. Rc1 Qh4 22. Nf3 Qe7 23. Nd2 Qg5 24. Nf3 Qe7 25. Nd2 Nf6 26. Nb5 Ne8 27. Qc2 Rf7 28. Nxa7 Bxh3 29. gxh3 Rxa7 30. Qc8 Kh7 31. Qe6 Qf8 32. Nf3 Bf6 33. Bb5 Ng7 34. Qc8 Qe7 35. Qe8 Qxe8 36. Bxe8 Re7 37. Bb5 g5 38. Nd2 g4 39. hxg4 hxg4 40. f3 gxf3 41. Rxf3 Nh5 42. Nf1 Rg7+ 43. Kf2 Bh4+ 44. Ke2 Rg2+ 45. Kd3 Ng4 46. Rc7+ Kh6 47. Rd7 Nf2+ 48. Kc4 Nxe4 49. Bc1 Nhf6 50. Bxf4+ exf4 51. Rxf4 Bg5 52. Rf5 Nxd7 0-1


[Site "https://www.chess.com"]

[Event "Titled Tuesday Blitz July 25 Late 2023"]
[White "Ocido, Michael"]
[Black "Barwinska, Ewa"]
[WhiteFideId "115201920"]
[BlackFideId "21833761"]
[WhiteElo "2453"]
[BlackElo "2307"]
[Result "1-0"]
[Round "6"]
[TimeControl "180+2"]
[Date "2023.07.25"]
[WhiteClock "0:01:39"]
[BlackClock "0:00:00"]
[Board "116"]

1. d4 Nf6 2. c4 e6 3. Nc3 Bb4 4. Bd2 d5 5. e3 O-O 6. Nf3 c5 7. a3 Bxc3 8. Bxc3 Ne4 9. Rc1 Nc6 10. dxc5 dxc4 11. Bxc4 Nxc5 12. Qe2 Qe7 13. O-O a6 14. Rfd1 b5 15. Ba2 Bb7 16. Ne5 Nxe5 17. Bxe5 Qg5 18. f4 Qg6 19. Rxc5 Rac8 20. Rxc8 Rxc8 21. Bc3 h5 22. h3 Qe4 23. Bb1 Qc6 24. e4 g6 25. f5 Qc5+ 26. Kh1 exf5 27. exf5 g5 28. Qxh5 1-0


[Site "https://www.chess.com"]

[Event "Titled Tuesday Blitz July 25 Late 2023"]
[White "Castella Garcia, Fausto"]
[Black "rikchessmx"]
[WhiteFideId "3501922"]
[WhiteElo "2452"]
[BlackElo "2273"]
[Result "1-0"]
[Round "6"]
[TimeControl "180+2"]
[Date "2023.07.25"]
[WhiteClock "0:00:09"]
[BlackClock "0:00:00"]
[Board "117"]

1. e4 e5 2. Nf3 Nc6 3. Bb5 Bc5 4. O-O a6 5. Bxc6 dxc6 6. Nxe5 Nf6 7. Nd3 Ba7 8. Nc3 O-O 9. h3 Re8 10. Qf3 Qd4 11. Re1 b5 12. b4 Bb7 13. Bb2 Qc4 14. Qg3 Bd4 15. Qxc7 Rab8 16. e5 Nh5 17. e6 fxe6 18. Ne4 Bxb2 19. Nxb2 Qxc2 20. Nd6 Qxb2 21. Qf7+ Kh8 22. Nxe8 h6 23. Qxh5 c5 24. Nd6 Bd5 25. bxc5 Rf8 26. Rad1 Qd4 27. Re3 Qxc5 28. Nf7+ Kh7 29. Ne5 Qc2 30. Rg3 g5 31. Rxg5 Rf6 32. Rg3 Bf3 33. Nxf3 Qxd1+ 34. Kh2 Qe2 35. Ng5+ Kg7 36. Qxe2 hxg5 37. Qe5 Kf7 38. Rxg5 Rxf2 39. Rh5 Kf8 40. Rh7 Rf7 41. Qb8+ Ke7 42. Qc7+ Kf6 43. Qxf7+ Ke5 44. Rh5+ Kd4 45. Qf4+ Kd3 46. Rc5 e5 47. Rc3+ Ke2 48. Qf3+ Ke1 49. Rc1+ 1-0


[Site "https://www.chess.com"]

[Event "Titled Tuesday Blitz July 25 Late 2023"]
[White "Toncheva, Nadya"]
[Black "Celestino, Rafael Teixeira"]
[WhiteFideId "2924056"]
[BlackFideId "2108925"]
[WhiteElo "2450"]
[BlackElo "2271"]
[Result "1-0"]
[Round "6"]
[TimeControl "180+2"]
[Date "2023.07.25"]
[WhiteClock "0:00:53"]
[BlackClock "0:00:02"]
[Board "118"]

1. d4 Nf6 2. c4 g6 3. Nc3 Bg7 4. e4 O-O 5. Be2 d6 6. Bg5 Nc6 7. d5 Ne5 8. h3 a5 9. f4 Ned7 10. Nf3 Nc5 11. Qc2 h6 12. Bh4 a4 13. e5 Nfd7 14. e6 fxe6 15. Qxg6 Rxf4 16. O-O Nf8 17. Qg3 e5 18. Nh2 Ne4 19. Nxe4 Rxe4 20. Bd3 Rd4 21. Bf5 Rxc4 22. Ng4 Bxf5 23. Nxh6+ Kh7 24. Nxf5 Bh8 25. Bxe7 Ng6 26. Bxd8 Rxd8 27. Qg5 Bg7 28. Qxd8 Rc2 29. Nxg7 Kxg7 30. Qf6+ Kh7 31. Qf7+ Kh6 32. Rf6 1-0


[Site "https://www.chess.com"]

[Event "Titled Tuesday Blitz July 25 Late 2023"]
[White "Doluhanova, Evgeniya"]
[Black "Balla, Tamas-Kristof"]
[WhiteFideId "14112035"]
[BlackFideId "1208497"]
[WhiteElo "2269"]
[BlackElo "2446"]
[Result "0-1"]
[Round "6"]
[TimeControl "180+2"]
[Date "2023.07.25"]
[WhiteClock "0:00:23"]
[BlackClock "0:01:58"]
[Board "119"]

1. e4 c5 2. Nf3 Nc6 3. d4 cxd4 4. Nxd4 e5 5. Nb5 d6 6. c4 Be7 7. Bd3 a6 8. N5c3 Bg5 9. h4 Bxc1 10. Qxc1 Nge7 11. Nd2 Ng6 12. g3 Nd4 13. Ne2 Nxe2 14. Kxe2 Be6 15. h5 Ne7 16. Nf1 Nc6 17. Ne3 Nd4+ 18. Kf1 h6 19. Nc2 Nc6 20. b4 Rc8 21. Qe3 O-O 22. Kg2 f5 23. exf5 Bxf5 24. Bxf5 Rxf5 25. Rad1 Qf6 26. g4 Rf4 27. f3 Rf8 28. Rhf1 e4 29. Ne1 exf3+ 30. Kh3 f2 0-1


[Site "https://www.chess.com"]

[Event "Titled Tuesday Blitz July 25 Late 2023"]
[White "Moore, Nicholas"]
[Black "Cardozo Munar, Carlos Eduardo"]
[WhiteFideId "4303709"]
[BlackFideId "4409477"]
[WhiteElo "2445"]
[BlackElo "2257"]
[Result "1-0"]
[Round "6"]
[TimeControl "180+2"]
[Date "2023.07.25"]
[WhiteClock "0:00:20"]
[BlackClock "0:00:13"]
[Board "120"]

1. c4 Nf6 2. g3 g6 3. Bg2 Bg7 4. Nc3 O-O 5. d4 c6 6. e4 d6 7. h3 e5 8. Nf3 Re8 9. O-O exd4 10. Nxd4 Na6 11. Re1 Nc5 12. Bf4 a5 13. b3 Qb6 14. Bxd6 Ncxe4 15. Nxe4 Nxe4 16. c5 Qb4 17. Nc2 Qxe1+ 18. Nxe1 Bxa1 19. Qxa1 Be6 20. Bxe4 a4 21. Qb1 axb3 22. axb3 Bxb3 23. Bg2 Ba2 24. Qc1 Re6 25. Nc2 Rae8 26. Ne3 h5 27. h4 Bb3 28. Qb2 Ba4 29. Qb4 Bb5 30. Qf4 Kg7 31. Bh3 Re4 32. Qf3 Ra4 33. Bd7 Ra1+ 34. Kh2 Rea8 35. Be5+ Kf8 36. Bxa1 Rxa1 37. Be6 f5 38. Nxf5 gxf5 39. Qxf5+ Kg7 40. Qf7+ Kh8 41. Qg8# 1-0


[Site "https://www.chess.com"]

[Event "Titled Tuesday Blitz July 25 Late 2023"]
[White "Sariego Figueredo, Wilfredo"]
[Black "Ismayil, Malak"]
[WhiteFideId "3500080"]
[BlackFideId "13412604"]
[WhiteElo "2250"]
[BlackElo "2441"]
[Result "0-1"]
[Round "6"]
[TimeControl "180+2"]
[Date "2023.07.25"]
[WhiteClock "0:00:51"]
[BlackClock "0:00:29"]
[Board "121"]

1. d4 Nf6 2. Bf4 d5 3. e3 e6 4. Bd3 Be7 5. h3 O-O 6. Nf3 c5 7. c3 Nc6 8. Nbd2 a6 9. O-O c4 10. Bc2 b5 11. e4 h6 12. Re1 b4 13. Ne5 Bb7 14. Nxc6 Bxc6 15. e5 Nd7 16. Qg4 Bg5 17. Bxg5 Qxg5 18. Qxg5 hxg5 19. cxb4 Rfb8 20. a3 a5 21. Nf3 axb4 22. Nxg5 bxa3 23. bxa3 Rb2 24. Rec1 Ba4 25. Bxa4 Rxa4 26. Rc3 Nb6 27. Nf3 Rb3 28. Rxb3 cxb3 29. Kf1 Nc4 30. Ke2 Nxa3 31. Nd2 b2 32. Ra2 Rxd4 33. Rxb2 Nc4 34. Rb8+ Kh7 35. Nf3 Re4+ 36. Kd3 Nxe5+ 37. Nxe5 Rxe5 38. Rb7 Kg6 39. g3 Re1 40. Kd2 Rh1 41. h4 Kf6 42. Rd7 Ra1 43. Rb7 Ra2+ 44. Ke3 g6 45. g4 Ra4 46. g5+ Kg7 47. f4 Ra3+ 48. Kd4 Rh3 49. Ke5 Rxh4 50. Rb4 Rh3 51. Rd4 Re3+ 52. Kd6 Re4 53. Kc5 Rxd4 54. Kxd4 Kf8 55. Ke5 Ke7 56. Kd4 Kd6 57. Kd3 e5 58. fxe5+ Kxe5 59. Ke3 Kf5 60. Kd4 Kxg5 61. Kxd5 f5 62. Ke5 Kg4 63. Kd4 f4 64. Ke5 Kg3 65. Kf6 f3 66. Kxg6 f2 67. Kh7 f1=Q 68. Kg8 Qf6 69. Kh7 Kg4 70. Kg8 Qe7 71. Kh8 Kg5 72. Kg8 Kg6 73. Kh8 Qg7# 0-1


[Site "https://www.chess.com"]

[Event "Titled Tuesday Blitz July 25 Late 2023"]
[White "Lopez Perdomo, Juan David"]
[Black "Goncalves, Davi Sulzbacher"]
[WhiteFideId "4405137"]
[BlackFideId "2154510"]
[WhiteElo "2221"]
[BlackElo "2439"]
[Result "0-1"]
[Round "6"]
[TimeControl "180+2"]
[Date "2023.07.25"]
[WhiteClock "0:00:02"]
[BlackClock "0:01:04"]
[Board "122"]

1. d4 Nf6 2. e3 c5 3. c3 d5 4. Bd3 Nc6 5. Ne2 Bg4 6. O-O e6 7. f3 Bh5 8. Qa4 Bd6 9. dxc5 Bxc5 10. Nd4 Qb6 11. b4 Bxd4 12. exd4 O-O 13. Nd2 Nxd4 14. Kh1 Rac8 15. Bb2 Nc6 16. c4 Qxb4 17. Qc2 Bg6 18. Bxf6 gxf6 19. Rab1 Qe7 20. cxd5 Nb4 21. Qb3 Nxd3 22. dxe6 Qxe6 23. Qxb7 Rc2 24. Ne4 Bxe4 25. fxe4 Qg4 26. e5 fxe5 27. Rb3 e4 28. h3 Qxg2# 0-1


[Site "https://www.chess.com"]

[Event "Titled Tuesday Blitz July 25 Late 2023"]
[White "Chlpik, Martin"]
[Black "Rangel, Daniel"]
[WhiteFideId "14923351"]
[BlackFideId "2124475"]
[WhiteElo "2220"]
[BlackElo "2437"]
[Result "0-1"]
[Round "6"]
[TimeControl "180+2"]
[Date "2023.07.25"]
[WhiteClock "0:00:43"]
[BlackClock "0:01:14"]
[Board "123"]

1. d4 Nf6 2. Bf4 g6 3. e3 Bg7 4. Nf3 O-O 5. h3 b6 6. Be2 Bb7 7. O-O c5 8. c3 d5 9. Nbd2 Nc6 10. Bh2 Nd7 11. a4 Qe8 12. Re1 e5 13. dxe5 Ndxe5 14. Nxe5 Bxe5 15. Bxe5 Qxe5 16. Bf3 Rad8 17. Qc2 Kg7 18. e4 d4 19. Nc4 Qe6 20. b3 dxc3 21. Qxc3+ Nd4 22. g3 Qxh3 23. Bg2 Qe6 24. Ne3 Rfe8 25. Nd5 Bxd5 26. exd5 Qf6 27. Qd3 h5 28. a5 Nf5 29. axb6 axb6 30. Rxe8 Qxa1+ 0-1


[Site "https://www.chess.com"]

[Event "Titled Tuesday Blitz July 25 Late 2023"]
[White "Francisco_Ferrari"]
[Black "Ladan, Nicholas"]
[BlackFideId "30918855"]
[WhiteElo "2218"]
[BlackElo "2437"]
[Result "1/2-1/2"]
[Round "6"]
[TimeControl "180+2"]
[Date "2023.07.25"]
[WhiteClock "0:00:10"]
[BlackClock "0:00:16"]
[Board "124"]

1. e4 e5 2. Nf3 Nc6 3. Bc4 Nf6 4. d3 h6 5. c3 d6 6. Nbd2 g6 7. Nf1 Bg7 8. Ne3 O-O 9. O-O Na5 10. Bb5 a6 11. Ba4 b5 12. Bc2 c5 13. d4 Nc6 14. dxe5 dxe5 15. Qe2 Qe7 16. Nd5 Nxd5 17. exd5 Nb8 18. Re1 Nd7 19. c4 Rb8 20. Rb1 Qd6 21. b3 f5 22. Bb2 e4 23. Bxg7 Kxg7 24. Nd2 Nf6 25. f3 exf3 26. Qe7+ Qxe7 27. Rxe7+ Rf7 28. Rxf7+ Kxf7 29. Nxf3 Nd7 30. Re1 Bb7 31. Re6 Re8 32. Rxe8 Kxe8 33. Kf2 Ke7 34. Ke3 Nf6 35. Ne5 g5 36. Bxf5 Ne8 37. Be4 Nd6 38. Kd3 Kf6 39. Ng4+ Kg7 40. Ne3 Bc8 41. h3 Kf6 42. g4 Ke5 43. Bf5 Bxf5+ 44. Nxf5 Nxf5 45. gxf5 b4 46. Ke3 Kxf5 47. Kf3 h5 48. Kg3 Ke5 49. Kf3 Kf5 50. Kg3 Ke5 51. Kf3 Kf5 1/2-1/2


[Site "https://www.chess.com"]

[Event "Titled Tuesday Blitz July 25 Late 2023"]
[White "campochess"]
[Black "Arnold, Ken"]
[BlackFideId "2056836"]
[WhiteElo "2178"]
[BlackElo "2436"]
[Result "1-0"]
[Round "6"]
[TimeControl "180+2"]
[Date "2023.07.25"]
[WhiteClock "0:01:08"]
[BlackClock "0:00:47"]
[Board "125"]

1. d4 Nf6 2. Bg5 d5 3. Bxf6 exf6 4. e3 c6 5. Bd3 f5 6. Nf3 Be6 7. Nbd2 Nd7 8. h4 Be7 9. g3 a5 10. a4 Qb6 11. b3 Bb4 12. Kf1 Rc8 13. Rc1 Ba3 14. Rb1 Nf6 15. c4 Bb4 16. c5 Qc7 17. Ne5 Nd7 18. Nxd7 Bxd7 19. Nf3 b6 20. cxb6 Qxb6 21. Rc1 O-O 22. Ne5 Be6 23. h5 f6 24. Nf3 c5 25. Bb5 f4 26. gxf4 Bg4 27. Rh4 f5 28. Bd7 Rc7 29. Rxg4 fxg4 30. Bxg4 c4 31. bxc4 dxc4 32. Ne5 c3 33. Qd3 Ba3 34. Rxc3 Bb4 35. Rxc7 Qxc7 36. Qc4+ Qxc4+ 37. Nxc4 Kf7 38. Ke2 Ke7 39. Kd3 g6 40. hxg6 hxg6 41. Ne5 Rg8 42. e4 Bd6 43. Nc6+ Kf7 44. e5 Bb4 45. d5 Rh8 46. Be6+ Ke8 47. d6 Rh3+ 48. Bxh3 1-0


[Site "https://www.chess.com"]

[Event "Titled Tuesday Blitz July 25 Late 2023"]
[White "Osmonbekov, Talaibek"]
[Black "Bettalli, Francesco"]
[WhiteFideId "2017253"]
[BlackFideId "2816453"]
[WhiteElo "2173"]
[BlackElo "2430"]
[Result "0-1"]
[Round "6"]
[TimeControl "180+2"]
[Date "2023.07.25"]
[WhiteClock "0:00:00"]
[BlackClock "0:01:15"]
[Board "126"]

1. d4 Nf6 2. Nc3 c5 3. d5 a6 4. a4 e6 5. e4 exd5 6. exd5 d6 7. Be2 g6 8. Nf3 Bg7 9. Nd2 O-O 10. Nc4 Re8 11. O-O Bf5 12. Bf3 Ne4 13. Nxe4 Bxe4 14. Bf4 Bxf3 15. Qxf3 Bf8 16. a5 Qf6 17. Bxd6 Qxf3 18. gxf3 Nd7 19. Bxf8 Kxf8 20. Rfe1 Nf6 21. Rxe8+ Rxe8 22. Rd1 Rd8 23. d6 Ke8 24. Re1+ Kf8 25. Re7 Rd7 26. Rxd7 Nxd7 27. f4 Kg7 28. Kg2 Kf6 29. Kf3 Ke6 30. Ke4 f5+ 31. Kd3 Kd5 32. h4 Nf6 33. f3 Nh5 34. d7 Nxf4+ 35. Ke3 Ne6 36. b3 Kc6 37. Ne5+ Kd6 38. f4 Ke7 39. c3 Nd8 40. Kd3 Ne6 41. Ke3 Nf8 42. Kd3 Nxd7 43. Nxd7 Kxd7 44. Kc4 Kc6 45. b4 cxb4 46. cxb4 b6 47. axb6 Kxb6 48. Kc3 Kb5 49. Kb3 Kb6 50. Kc4 Kc6 51. Kd4 Kb5 52. Kc3 Ka4 53. Kc4 Ka3 54. Kc3 h6 55. Kc4 Kb2 56. Kd4 Kb3 57. Kc5 Kc3 0-1


[Site "https://www.chess.com"]

[Event "Titled Tuesday Blitz July 25 Late 2023"]
[White "BeautiFullMindChess"]
[Black "Dias, Paulo"]
[BlackFideId "1900803"]
[WhiteElo "2151"]
[BlackElo "2425"]
[Result "1-0"]
[Round "6"]
[TimeControl "180+2"]
[Date "2023.07.25"]
[WhiteClock "0:00:10"]
[BlackClock "0:00:06"]
[Board "127"]

1. e4 c5 2. c3 d5 3. exd5 Qxd5 4. d4 Nc6 5. Nf3 Bf5 6. Nbd2 cxd4 7. Bc4 Qd7 8. O-O Nf6 9. Re1 e6 10. Nxd4 Nxd4 11. cxd4 Be7 12. Nf3 O-O 13. h3 a6 14. Ne5 Qd8 15. Be3 Rc8 16. Be2 Nd5 17. Bf3 Bf6 18. Qb3 b5 19. Rac1 Rxc1 20. Rxc1 Bxe5 21. dxe5 Nxe3 22. Qxe3 Qa5 23. a3 Rd8 24. g4 Bg6 25. h4 h6 26. h5 Bh7 27. g5 hxg5 28. Qxg5 Bf5 29. h6 Bg6 30. hxg7 Kxg7 31. Qf6+ Kg8 32. b4 Qb6 33. Rc6 Qd4 34. Rxe6 Rc8 35. Rxa6 Qd3 36. Rd6 Rc1+ 37. Kg2 Qf1+ 38. Kg3 Qg1+ 39. Bg2 Rc3+ 40. f3 Qe1+ 41. Kh2 Rc8 42. e6 Rf8 43. e7 Re8 44. Rd8 1-0


[Site "https://www.chess.com"]